 Dungeon Crawl Stone Soup version 0.24-a0-201-gf205589 (console) character file.

Game seed: 13269318363685159705

33053 Voker57 the Carver (level 13, -5/95 HPs)
             Began as a Demonspawn Gladiator on Mar 18, 2019.
             Was an Elder of Hepliaklqana.
             Splashed by an oklob plant's acid (13 damage)
             ... on level 3 of the Lair of Beasts on Mar 21, 2019.
             The game lasted 00:51:45 (17611 turns).

Voker57 the Carver (Demonspawn Gladiator)          Turns: 17611, Time: 00:51:45

Health: -5/95      AC:  3    Str: 15    XL:     13   Next: 34%
Magic:  0/19       EV: 27    Int: 15    God:    Hepliaklqana [****..]
Gold:   264        SH:  0    Dex: 24    Spells: 12/12 levels left

rFire    . . .     SeeInvis .   a - +1 demon blade (venom)
rCold    . . .     Gourm    .   (no shield)
rNeg     . . .     Faith    .   z - +1 leather armour {rPois}
rPois    +         Spirit   +   k - +2 hat of Sorahuj {rElec Int+4 Dex+4}
rElec    +         Reflect  .   u - +0 cloak
rCorr    .         Harm     .   (no gloves)
MR       .....                  (no boots)
Stlth    ++........             (no amulet)
HPRegen  0.25/turn              r - +4 ring of evasion
MPRegen  0.16/turn              J - +1 ring of evasion

@: corroded
A: reduced essence, hooves 2, thin skeletal structure 1, foul stench 1, magic
shield, rot immunity
a: Recall Ancestor, Ancestor Identity, Transference, Idealise, Renounce Religion


You were on level 3 of the Lair of Beasts.
You worshipped Hepliaklqana.
Hepliaklqana was greatly pleased with you.
You were near starving.

You visited 3 branches of the dungeon, and saw 14 of its levels.
You also visited: Gauntlet.

You collected 750 gold pieces.
You spent 486 gold pieces at shops.

Inventory:

Hand Weapons
 a - a +1 demon blade of venom (weapon)
 b - a +0 blowgun
 i - a +1 long sword of freezing
Missiles
 d - 2 throwing nets (quivered)
 E - 2 silver tomahawks
 Q - 10 curare-tipped needles
 Y - 11 javelins
Armour
 k - the +2 hat of Sorahuj (worn) {rElec Int+4 Dex+4}
   (You found it in a Gauntlet)

   It affects your intelligence (+4).
   It affects your dexterity (+4).
   It insulates you from electricity.
 o - a scarf of spirit shield
 u - a +0 cloak (worn)
 x - +0 storm dragon scales
 z - a +1 leather armour of poison resistance (worn)
 G - the +0 ring mail of Serendipity {*Slow rF++ SInv}
   (You bought it in a shop on level 10 of the Dungeon)

   It greatly protects you from fire.
   It lets you see invisible.
   It may slow you when you take damage.
 I - the +1 scale mail of Nydanolu {*Corrode rElec rF+}
   (You bought it in a shop on level 10 of the Dungeon)

   It protects you from fire.
   It insulates you from electricity.
   It may corrode you when you take damage.
 X - a +2 chain mail of fire resistance
Jewellery
 j - a cursed -2 ring of strength {unknown}
 l - an uncursed ring of protection from fire
 r - a +4 ring of evasion (left hand)
 F - an uncursed ring of positive energy {unknown}
 J - a +1 ring of evasion (right hand)
 K - the ring "Pick" {*Tele rElec rN+ MR- Int+4}
   (You found it on level 10 of the Dungeon)

   [ring of teleportation]

   It may teleport you next to monsters.
   It affects your intelligence (+4).
   It insulates you from electricity.
   It protects you from negative energy.
   It affects your resistance to hostile enchantments.
 N - an uncursed ring of wizardry
 O - an uncursed ring of flight {unknown}
 T - an uncursed ring of ice
Wands
 g - a wand of paralysis (3)
 w - a wand of flame (33)
 y - a wand of scattershot (3)
 B - a wand of enslavement (3)
 M - a wand of random effects (38)
 R - a wand of digging (3)
 U - a wand of clouds (2)
Scrolls
 e - 8 scrolls of remove curse
 h - 2 scrolls of magic mapping
 m - 3 scrolls of amnesia
 n - 6 scrolls of teleportation
 P - 2 scrolls of enchant weapon
 S - a scroll of silence
Potions
 c - a potion of might {unknown}
 p - a potion of heal wounds
 s - 2 potions of brilliance
 t - a potion of flight
 v - 4 potions of curing
 A - a potion of magic
 C - a potion of mutation
 D - a potion of invisibility
 H - 3 potions of haste
 L - a potion of degeneration
Miscellaneous
 W - a lightning rod (3/4)
Comestibles
 f - 29 rations


   Skills:
 + Level 11.2 Fighting
 * Level 14.1 Long Blades
 - Level 1.7 Throwing
 + Level 10.6 Dodging
 + Level 9.1 Invocations


You had 12 spell levels left.
You didn't know any spells.
Your spell library contained the following spells:

 Spells                   Type           Power        Failure   Level  Hunger
 Beastly Appendage        Tmut           #.....       32%         1    ##.....
 Confusing Touch          Hex            #.....       32%         1    ##.....
 Infusion                 Chrm           #...         32%         1    ##.....
 Summon Butterflies       Summ           #.......     32%         1    ##.....
 Sticks to Snakes         Tmut           #.......     45%         2    ###....
 Sublimation of Blood     Necr           #.........   45%         2    ###....
 Call Canine Familiar     Summ           #.......     69%         3    ####...
 Confuse                  Hex            #.......     69%         3    ####...
 Gell's Gravitas          Tloc           #.........   69%         3    ####...
 Ignite Poison            Fire/Tmut/Pois #.......     69%         3    ####...
 Spectral Weapon          Hex/Chrm       #.......     69%         3    ####...
 Spider Form              Tmut/Pois      #.........   69%         3    ####...
 Ice Form                 Ice/Tmut       #.......     97%         4    #####..
 Petrify                  Tmut/Erth      #.......     97%         4    #####..
 Summon Ice Beast         Ice/Summ       #.......     97%         4    #####..
 Alistair's Intoxication  Tmut/Pois      #.......     100%        5    ######.
 Blade Hands              Tmut           #.........   100%        5    ######.
 Bolt of Magma            Conj/Fire/Erth #.........   100%        5    ######.
 Irradiate                Conj/Tmut      #.........   100%        5    ######.
 Iskenderun's Battlesphe  Conj/Chrm      #.......     100%        5    ######.
 Metabolic Englaciation   Hex/Ice        #.........   100%        5    ######.
 Summon Mana Viper        Hex/Summ       #.......     100%        5    ######.
 Venom Bolt               Conj/Pois      #.........   100%        5    ######.
 Yara's Violent Unravell  Hex/Tmut       #.........   100%        5    ######.
 Iron Shot                Conj/Erth      #.........   100%        6    #######
 Orb of Destruction       Conj           #.........   100%        7    #######
 Ring of Flames           Chrm/Fire      #.........   100%        7    #######
 Spellforged Servitor     Conj/Summ      #.........   100%        7    #######
 Summon Hydra             Summ           #.........   100%        7    #######


Dungeon Overview and Level Annotations

Branches:
Dungeon (10/15)            Temple (1/1) D:6            Lair (3/6) D:10
  Snake (0/4) Lair:3          Orc (0/2) D:10
  Swamp: Lair:2-4    Shoals: Lair:2-4

Altars:
Ashenzari
Cheibriados
Elyvilon
Gozag
Hepliaklqana
Kikubaaqudgha
Okawaru
Qazlal
Ru
Sif Muna
Trog
Uskayaw
Wu Jian
Yredelemnul

Shops:
D:10 [*

Annotations:
D:6 1 runed translucent door
D:10 3 runed translucent doors
Lair:3 exclusion: oklob plant


Innate Abilities, Weirdness & Mutations

You have hoof-like feet.
You have a somewhat thin skeletal structure. (Dex +2, Stealth)
You may emit foul miasma when damaged in melee.
When hurt, damage is shared between your health and your magic reserves.
You are immune to rotting.
Your life essence is reduced to manifest your ancestor. (-10% HP)


Message History

The oklob plant is almost destroyed.
The oklob plant spits acid at you. The splash of acid hits you.
You are splashed with acid!
You hit the oklob plant.
You kick the oklob plant, but do no damage.
The oklob plant is almost destroyed.
The oklob plant spits acid at you. The splash of acid hits you!
* * * LOW HITPOINT WARNING * * *
You are splashed with acid!
* * * LOW HITPOINT WARNING * * *
You hit the oklob plant.
You destroy the oklob plant!
You slash the oklob plant!
The oklob plant is heavily damaged.
The oklob plant spits acid at you. The splash of acid hits you.
* * * LOW HITPOINT WARNING * * *
The acid corrodes you!
You are splashed with acid!
You die...

# ##.#####.#...........####.....
### ### ##..#..P.................
#.## ###.#..............#.......
...# #.................#........
.### ##.....##.........#P.......
.#### ####..#.#..................
###.# #(#....#.#.P.P#............
.#.## ##.......#%$..#............
...## #.#.....#[R..#............
...P#####......#@.%$#............
......# ##.....#.P..#............
.....####......######............
.......####.......##.#....P#.....
##...####......########........#.
#..### #.......# ##....#...# ####
######### ##########


You could see the friendly Nolwazi the battlemage and an oklob plant.

Vanquished Creatures
  A hydra (Lair:3)
  2 two-headed ogres
  2 catoblepae
  A death yak (D:9)
  A wizard (Gauntlet)
  Pikel (D:5)
  An oklob plant (Lair:3)
  A slime creature (Gauntlet)
  An elephant (Lair:3)
  A manticore (Lair:3)
  2 black mambas (Lair:3)
  Maurice (D:9)
  4 spiny frogs
  2 tengu conjurers (Gauntlet)
  A queen bee (Lair:3)
  4 trolls
  Grinder (D:3)
  2 hippogriffs
  2 blink frogs (Lair:3)
  Prince Ribbit (D:6)
  11 yaks
  A spriggan (D:8)
  A wyvern (Lair:3)
  A hungry ghost (D:6)
  3 basilisks
  Grum (D:8)
  A human (D:10)
  A naga (Lair:3)
  A warg (D:10)
  6 water moccasins
  10 porcupines
  4 ice beasts
  4 phantoms
  A slave (D:4)
  A black bear (Lair:1)
  4 orc warriors
  6 crocodiles
  3 ogres
  9 wolves
  A centaur (D:9)
  6 bullfrogs
  2 water moccasin zombies
  3 scorpions
  9 wights
  27 killer bees
  3 howler monkeys
  2 electric eels (D:9)
  2 crimson imps
  6 orc priests
  6 hounds
  A gnoll shaman (D:7)
  10 orc wizards
  4 iguanas
  Crazy Yiuf (D:5)
  Natasha (thrice) (D:4)
  4 worker ants
  4 hell rats
  A killer bee zombie (D:5)
  2 hound skeletons
  A worker ant zombie (D:6)
  3 gnolls
  6 adders
  4 shadow imps
  A white imp (Gauntlet)
  An ooze (D:6)
  3 worms (D:3)
  2 dart slugs
  2 leopard geckos
  27 orcs
  2 ball pythons (D:2)
  6 giant cockroaches
  5 goblins
  7 hobgoblins
  11 jackals
  6 quokkas
  8 bats
  10 frilled lizards
  8 kobolds
  A kobold zombie (D:6)
  A quokka zombie (D:6)
  6 rats
  A spectral orc (D:2)
  A butterfly (Lair:1)
321 creatures vanquished.

Vanquished Creatures (collateral kills)
  A minotaur (Gauntlet)
  Fannar (Lair:2)
  A tengu warrior (Gauntlet)
  2 death yaks
  Sonja (Lair:2)
  Nergalle (Lair:1)
  A wizard (Gauntlet)
  An unseen horror (D:10)
  An oklob plant (Lair:3)
  The ghost of nikopol the Thaumaturge, a novice DEFE of Vehumet (D:8)
  2 black mambas (Lair:3)
  3 spiny frogs
  3 blink frogs (Lair:3)
  A slime creature (Gauntlet)
  2 hippogriffs
  6 yaks
  A wyvern (Lair:3)
  A steam dragon (D:9)
  A warg (D:10)
  A water moccasin (Lair:2)
  A necrophage (D:6)
  A wolf (Lair:3)
  A crocodile (Lair:3)
  4 bullfrogs
  2 killer bees (Lair:3)
  A wight (D:8)
  A centaur zombie (D:9)
  A quasit (D:10)
  A jelly (Gauntlet)
  4 orc priests
  3 orc wizards
  2 shadow imps (Gauntlet)
  2 white imps (Gauntlet)
  12 orcs
  A fungus (Lair:1)
69 creatures vanquished.

Vanquished Creatures (others)
  A crimson imp (D:5)
  10 battlemagi
  3 ancestors
  A leopard gecko (D:5)
  A jackal (D:5)
  A fungus (D:5)
  2 plants (Lair:3)
  6 toadstools (D:5)
25 creatures vanquished.

Grand Total: 415 creatures vanquished

Notes
Turn   | Place    | Note
-------+----------+-------------------------------------------
     0 | D:1      | Voker57 the Demonspawn Gladiator began the quest for the
                  | Orb.
     0 | D:1      | Reached XP level 1. HP: 16/16 MP: 1/1
    93 | D:1      | Reached skill level 3 in Long Blades
    93 | D:1      | Gained mutation: You have large cloven feet. [demonic
                  | ancestry]
    93 | D:1      | Reached XP level 2. HP: 22/22 MP: 2/2
   120 | D:1      | You fall through a shaft!
   161 | D:2      | Found a basalt altar of Yredelemnul.
  1176 | D:1      | Reached XP level 3. HP: 25/28 MP: 3/3
  2041 | D:3      | Gained mutation: You are immune to rotting. [demonic
                  | ancestry]
  2041 | D:3      | Reached XP level 4. HP: 34/34 MP: 4/4
  2064 | D:3      | Found a bloodstained altar of Trog.
  2074 | D:3      | Noticed Grinder
  2081 | D:3      | Paralysed by Grinder for 3 turns
  2089 | D:3      | Paralysed by Grinder for 7 turns
  2110 | D:3      | Killed Grinder
  2110 | D:3      | Reached skill level 4 in Long Blades
  2110 | D:3      | Reached XP level 5. HP: 32/41 MP: 5/5
  2187 | D:3      | Gained mutation: When hurt, damage is shared between your
                  | health and your magic reserves. [demonic ancestry]
  2187 | D:3      | Reached XP level 6. HP: 43/47 MP: 6/6
  2715 | D:3      | Reached skill level 5 in Long Blades
  2719 | D:3      | HP: 1/48 [orc/cursed -2 flail (4)]
  3404 | D:4      | Found a bloodstained altar of Trog.
  3404 | D:4      | Found an iron altar of Okawaru.
  3409 | D:4      | Found an ornate altar of the Wu Jian Council.
  3411 | D:4      | Found a sacrificial altar of Ru.
  3412 | D:4      | Found a stormy altar of Qazlal.
  3428 | D:4      | Noticed Natasha
  3437 | D:4      | Killed Natasha
  3567 | D:4      | Noticed Natasha
  3571 | D:4      | Killed Natasha
  3699 | D:4      | Gained mutation: You have hoof-like feet. [demonic
                  | ancestry]
  3699 | D:4      | Reached XP level 7. HP: 49/54 MP: 7/7
  3977 | D:4      | Found a bloodstained altar of Trog.
  4066 | D:5      | Entered Level 5 of the Dungeon
  4069 | D:5      | Noticed Pikel
  4123 | D:4      | Noticed Natasha
  4130 | D:4      | Killed Natasha
  4403 | D:5      | Killed Pikel
  4403 | D:5      | Reached skill level 5 in Fighting
  4403 | D:5      | Reached skill level 6 in Long Blades
  4403 | D:5      | Reached skill level 5 in Dodging
  4403 | D:5      | Gained mutation: You have a somewhat thin skeletal
                  | structure. (Dex +2, Stealth) [demonic ancestry]
  4403 | D:5      | Reached XP level 8. HP: 23/62 MP: 8/8
  4887 | D:5      | Found a runed translucent door.
  4888 | D:5      | Noticed Crazy Yiuf
  4925 | D:5      | Found a deep blue altar of Sif Muna.
  4929 | D:5      | Found a snail-covered altar of Cheibriados.
  4929 | D:5      | Found a shattered altar of Ashenzari.
  4940 | D:5      | Found an opulent altar of Gozag.
  4944 | D:5      | Found a hide-covered altar of Uskayaw.
  5131 | D:5      | Killed Crazy Yiuf
  5131 | D:5      | Reached skill level 7 in Long Blades
  5553 | D:6      | Noticed Prince Ribbit
  5562 | D:6      | Killed Prince Ribbit
  5600 | D:6      | Found a staircase to the Ecumenical Temple.
  5635 | Temple   | Entered the Ecumenical Temple
  5636 | Temple   | Reached skill level 8 in Long Blades
  5901 | Temple   | Became a worshipper of Hepliaklqana the Forgotten
  6149 | D:6      | Reached XP level 9. HP: 57/62 MP: 9/9
  6202 | D:6      | Found a runed translucent door.
  6215 | D:6      | Found a basalt altar of Yredelemnul.
  6423 | D:6      | Upgraded the game from 0.24-a0-194-g9bee6eb to
                  | 0.24-a0-201-gf205589
  6982 | D:7      | Reached skill level 9 in Long Blades
  7041 | D:7      | Reached * piety under Hepliaklqana
  7406 | D:8      | HP: 1/63 [orc warrior/+0 flail (8)]
  7921 | D:8      | Found a deep blue altar of Sif Muna.
  8611 | D:8      | Found an ancient bone altar of Kikubaaqudgha.
  8686 | D:8      | Identified a scroll of acquirement
  8687 | D:8      | Noticed Grum
  8693 | D:8      | Noticed a two-headed ogre
  8788 | D:8      | Found a runed translucent door.
  8789 | D:8      | Noticed nikopol's ghost (novice DEFE)
  8797 | D:8      | Reached XP level 10. HP: 71/71 MP: 10/10
  9070 | D:8      | Killed nikopol's ghost
  9070 | D:8      | Reached skill level 10 in Long Blades
  9125 | D:8      | Killed Grum
  9451 | D:8      | Killed a two-headed ogre
 10165 | D:9      | Reached skill level 11 in Long Blades
 10281 | D:9      | Noticed a two-headed ogre
 10289 | D:9      | Killed a two-headed ogre
 10310 | D:9      | Reached ** piety under Hepliaklqana
 10326 | D:9      | Remembered your ancestor Nolwazi as a battlemage
 10704 | D:9      | Reached XP level 11. HP: 70/78 MP: 11/11
 10795 | D:9      | Noticed Maurice
 10814 | D:9      | Killed Maurice
 11088 | D:10     | Entered Level 10 of the Dungeon
 11089 | D:10     | Found Fangik's Antique Armour Shoppe.
 11095 | D:10     | Bought a distressingly furry ring mail for 243 gold pieces
 11095 | D:10     | Bought a scorched scale mail for 243 gold pieces
 11105 | D:10     | Identified the +0 ring mail of Serendipity {*Slow rF++
                  | SInv} (You bought it in a shop on level 10 of the Dungeon)
 11131 | D:10     | Identified the cursed +1 scale mail of Nydanolu {*Corrode
                  | rElec rF+} (You bought it in a shop on level 10 of the
                  | Dungeon)
 11162 | D:10     | Noticed a death yak
 11162 | D:10     | Noticed a death yak
 11163 | D:10     | Found a staircase to the Lair.
 11163 | D:10     | Noticed a death yak
 11201 | D:9      | Killed a death yak
 11201 | D:9      | Reached skill level 1 in Invocations
 11469 | D:9      | Killed a death yak
 11630 | D:10     | Killed a death yak
 11740 | Lair:1   | Entered Level 1 of the Lair of Beasts
 12071 | D:10     | Found a staircase to the Orcish Mines.
 12097 | D:10     | Got a shimmering bone ring
 12098 | D:10     | Identified the ring "Pick" {*Tele rElec rN+ MR- Int+4} (You
                  | found it on level 10 of the Dungeon)
 12148 | D:10     | Found Motil's Merry Market.
 12237 | D:10     | Killed an unseen horror
 12237 | D:10     | Reached skill level 12 in Long Blades
 12341 | D:10     | Found a runed translucent gate.
 12341 | D:10     | Noticed a purple ugly thing
 12342 | D:10     | Found a runed translucent gate.
 12342 | D:10     | Found a runed translucent gate.
 12342 | D:10     | Noticed a green ugly thing
 12342 | D:10     | Noticed a brown ugly thing
 12343 | D:10     | Noticed a white ugly thing
 12343 | D:10     | Noticed a glowing orange brain
 12343 | D:10     | Noticed a cyan ugly thing
 12655 | Lair:1   | Reached *** piety under Hepliaklqana
 12753 | Lair:1   | Noticed Nergalle
 13070 | Lair:1   | Killed Nergalle
 13339 | Lair:1   | Reached skill level 5 in Invocations
 13437 | Lair:1   | Reached XP level 12. HP: 79/87 MP: 13/16
 13723 | Lair:2   | Noticed Sonja
 13732 | Lair:2   | Killed Sonja
 13767 | Lair:2   | Noticed Fannar
 13779 | Lair:2   | Killed Fannar
 13779 | Lair:2   | Reached skill level 10 in Fighting
 14009 | Lair:2   | Noticed a catoblepas
 14019 | Lair:2   | Killed a catoblepas
 14802 | Lair:3   | Reached skill level 13 in Long Blades
 15033 | Lair:3   | Reached skill level 10 in Dodging
 15074 | Lair:3   | Reached **** piety under Hepliaklqana
 15114 | Lair:3   | Found a staircase to the Snake Pit.
 15177 | Lair:3   | Found a gate leading to a gauntlet.
 15193 | Gauntlet | Entered a Gauntlet
 15193 | Gauntlet | Found a transporter.
 15193 | Gauntlet | Found a transporter.
 15193 | Gauntlet | Found a transporter.
 15193 | Gauntlet | Noticed a tengu warrior
 15389 | Gauntlet | Found a transporter.
 15400 | Gauntlet | Found the macabre finger necklace {rN+}
 15402 | Gauntlet | Found a transporter.
 15402 | Gauntlet | Found a transporter.
 15413 | Gauntlet | Found a transporter.
 15415 | Gauntlet | Found a transporter.
 15418 | Gauntlet | Noticed a hell beast
 15423 | Gauntlet | Found a transporter.
 15441 | Gauntlet | Found a transporter.
 15462 | Gauntlet | Found a transporter.
 15464 | Gauntlet | Found a transporter.
 15464 | Gauntlet | Found a runed translucent gate.
 15464 | Gauntlet | Found a runed translucent gate.
 15464 | Gauntlet | Found a runed translucent gate.
 15465 | Gauntlet | Found a large runed translucent door.
 15465 | Gauntlet | Found a large runed translucent door.
 15466 | Gauntlet | Found a large runed translucent door.
 15467 | Gauntlet | Found a large runed translucent door.
 15468 | Gauntlet | Found a large runed translucent door.
 15468 | Gauntlet | Found a large runed translucent door.
 15468 | Gauntlet | Found a runed translucent door.
 15469 | Gauntlet | Found a large runed translucent door.
 15470 | Gauntlet | Found a runed translucent door.
 15470 | Gauntlet | Found a large runed translucent door.
 15511 | Gauntlet | Found a large runed translucent door.
 15512 | Gauntlet | Found a large runed translucent door.
 15513 | Gauntlet | Found a large runed translucent door.
 15513 | Gauntlet | Found a large runed translucent door.
 15514 | Gauntlet | Found a large runed translucent door.
 15515 | Gauntlet | Found a large runed translucent door.
 15516 | Gauntlet | Found a large runed translucent door.
 15516 | Gauntlet | Found a large runed translucent door.
 15571 | Gauntlet | Killed a tengu warrior
 15948 | Gauntlet | Got a smoking hat
 16136 | Gauntlet | Identified the +2 hat of Sorahuj {rElec Int+4 Dex+4} (You
                  | found it in a Gauntlet)
 16145 | Gauntlet | Noticed a minotaur
 16156 | Gauntlet | Killed a minotaur
 16156 | Gauntlet | Gained mutation: You may emit foul miasma when damaged in
                  | melee. [demonic ancestry]
 16156 | Gauntlet | Reached XP level 13. HP: 30/94 MP: 2/19
 16272 | Gauntlet | Identified the Volume of Augmentations
 17153 | Lair:3   | Reached skill level 14 in Long Blades
 17611 | Lair:3   | Splashed by an oklob plant's acid

Levels and vault maps discovered:
D:1:      nagdon_arrival_zigzag_paths, layout_basic, minmay_bisected
D:2:      layout_basic, yredelemnul_forgotten_temple_becter
D:3:      layout_loops_ring, grunt_ministairs_8, bloody_trog, uniq_grinder
D:4:      layout_loops_ring, chequers_temple_overflow_minitemple, first_ration,
          trog_butcher_becter, uniq_natasha
D:5:      layout_rooms, minmay_overflow_temple_star_hex, kennysheep_minor_cross,
          minmay_gold_behind_fungi, uniq_pikel, uniq_crazy_yiuf_cottage
D:6:      layout_loops_ring, minmay_temple_entry_arrows, dk_yredelemnul_ordeal,
          uniq_prince_ribbit1
D:7:      layout_rooms
D:8:      layout_basic, marbit_many_paths, basic_altar,
          hellmonk_ghost_happy_afterlife, the_bakery,
          chequers_serial_rivers_micro_e, minmay_orc_keep, uniq_grum
D:9:      wad_lake_hut, layout_irregular_city, uniq_maurice
D:10:     layout_loops_ring, dpeg_lair_monsters, erik_orc_4, serial_shops, shop,
          ploomutoo_gammafunk_ghost_potion_laboratory, small_statue_alley_a,
          nicolae_alphabet_shops
Temple:   compressed_dpeg_circular_temple
Lair:1:   layout_big_grid, serial_bayou_pond_e, grunt_megastairs_5,
          lemuel_fruit_fields, uniq_nergalle
Lair:2:   layout_cave_pods, serial_bayou_pond_d, uniq_sonja, uniq_fannar
Lair:3:   regret_index_wax_grids, layout_cave_shapes,
          guppyfry_snake_entry_island, gauntlet_entry_generic,
          lemuel_fruit_tree, grunt_megastairs_3, minmay_lair_oklob_chamber
Gauntlet: minmay_gauntlet_mixed_big_or_small
          [nicolae_gauntlet_arena_flowing_pool,
          minmay_gauntlet_arena_77_chump_sandwich,
          minmay_gauntlet_arena_make_your_own_arena,
          minmay_gauntlet_arena_77_tiled_triplets,
          gammafunk_gauntlet_arena_crates, minmay_gauntlet_arena_77_block_sizes,
          nicolae_gauntlet_exit_dead_adventurers]

Skill      XL: |  1  2  3  4  5  6  7  8  9 10 11 12 13 |
---------------+----------------------------------------+-----
Long Blades    | 3 4 5 6 8 9 11 12 13 14 | 14.1
Dodging        | 3 4 5 6 7 8 9 10 | 10.6
Fighting       | 3 4 5 6 7 8 9 10 11 | 11.2
Invocations    | 5 8 9 |  9.1
Throwing       | |  1.7

Action                   |  1- 3 |  4- 6 |  7- 9 | 10-12 | 13-15 || total
-------------------------+-------+-------+-------+-------+-------++-------
Melee: Long sword        |    86 |    95 |   266 |       |       ||   447
       Kick              |    24 |    46 |   153 |   229 |    56 ||   508
       Dagger            |       |    17 |    68 |       |       ||    85
       Demon blade       |       |       |     4 |   485 |   105 ||   594
 Fire: Blowgun           |       |       |       |     4 |     5 ||     9
Throw: Throwing net      |       |     6 |     1 |       |       ||     7
Invok: Recall Ancestor   |       |       |     2 |     2 |       ||     4
       Ancestor Life: Ba |       |       |       |     1 |       ||     1
       Transference      |       |       |       |     2 |       ||     2
       Idealise          |       |       |       |     2 |       ||     2
Evoke: Wand              |       |       |     9 |     2 |       ||    11
       Lightning rod     |       |       |       |       |     1 ||     1
  Use: Potion            |       |     4 |     1 |     5 |       ||    10
       Scroll            |       |       |    12 |    15 |       ||    27
 Stab: Held in net/web   |       |     2 |     1 |       |       ||     3
       Paralysed         |       |       |     2 |       |       ||     2
       Sleeping          |       |       |     3 |     3 |     1 ||     7
       Distracted        |       |       |     1 |     8 |     1 ||    10
  Eat: Chunk             |     4 |     5 |    11 |    11 |     3 ||    34
       Ration            |       |       |     2 |     4 |       ||     6
Armor: Leather armour    |    27 |    20 |    49 |    62 |     3 ||   161
Dodge: Dodged            |    76 |    81 |   283 |   483 |    83 ||  1006
       Rpst.: Long sword |    22 |    24 |    70 |       |       ||   116
       Demon blade       |       |       |     1 |   116 |    22 ||   139

Table legend:
 A = Non-vault XP
 B = Vault XP
 C = Vault XP percentage of total XP
 D = Non-vault monster count
 E = Vault monster count
 F = Vault count percentage of total count
                 A         B        C        D         E       F
            +---------+---------+-------+---------+---------+-------
      Total |   24895 |   22324 |  47.3 |     256 |     131 |  33.9
            +---------+---------+-------+---------+---------+-------
        D:1 |      34 |       7 |  17.1 |      21 |       5 |  19.2
        D:2 |      15 |       1 |   6.2 |       9 |       1 |  10.0
        D:3 |     205 |     284 |  58.1 |      29 |       3 |   9.4
        D:4 |     270 |      41 |  13.2 |      11 |       5 |  31.2
        D:5 |     259 |     629 |  70.8 |      15 |       2 |  11.8
        D:6 |    1255 |     252 |  16.7 |      25 |       2 |   7.4
        D:7 |     817 |       0 |   0.0 |      18 |       0 |   0.0
        D:8 |    2240 |    1801 |  44.6 |      24 |      17 |  41.5
        D:9 |    2922 |    2143 |  42.3 |      35 |       3 |   7.9
       D:10 |    1941 |    1991 |  50.6 |       9 |      25 |  73.5
     Temple |     124 |       0 |   0.0 |       1 |       0 |   0.0
     Lair:1 |    3747 |    1097 |  22.6 |      17 |       3 |  15.0
     Lair:2 |    2383 |    1796 |  43.0 |      10 |       2 |  16.7
     Lair:3 |    8421 |    7562 |  47.3 |      31 |      49 |  61.2
   Gauntlet |     262 |    4720 |  94.7 |       1 |      14 |  93.3
            +---------+---------+-------+---------+---------+-------
